[Event "Norm Congress-GM 2019"]
[Site "Saint Louis"]
[Date "2019.05.16"]
[Round "1.5"]
[White "Banawa, Joel"]
[Black "Abrahamyan, Tatev"]
[Result "1-0"]
[ECO "C00"]
[WhiteElo "2396"]
[BlackElo "2373"]
[Annotator "RC"]
[PlyCount "63"]
[EventDate "2019.05.16"]
[EventType "tourn"]
[EventCountry "USA"]
[SourceTitle "playchess.com"]
[Source "ChessBase"]
[SourceQuality "1"]
[TimeControl "5400+30"]

1. e4 e6 2. d4 d5 3. Bd3 dxe4 4. Bxe4 Nf6 5. Bf3 c5 6. Ne2 cxd4 7. Qxd4 Nbd7 8. O-O Bc5 9. Qc3 O-O 10. Nd2 e5 11. Ng3 Bd4 12. Qb4 Nc5 13. Nb3 a5 14. Qe1 Nxb3 15. axb3 Re8 16. b4 e4 17. Bd1 Bb6 18. Be3 Nd5 19. Bxb6 Qxb6 20. Rxa5 Rxa5 21. bxa5 Qxb2 22. Qd2 Nf6 23. Re1 g6 24. h3 Qb5 25. Qc3 Nd5 26. Qd4 Qxa5 27. Rxe4 Rd8 28. Qe5 Qc3 29. Rd4 Be6 30. Bf3 Qa5 31. c4 Qa1+ 32. Kh2 1-0

[Event "Norm Congress-GM 2019"]
[Site "Saint Louis"]
[Date "2019.05.17"]
[Round "2.3"]
[White "Jacobson, Brandon"]
[Black "Escalante Ramirez, Brian Sebasti"]
[Result "1-0"]
[ECO "A28"]
[WhiteElo "2503"]
[BlackElo "2452"]
[Annotator "RC"]
[PlyCount "53"]
[EventDate "2019.05.16"]
[EventType "tourn"]
[EventCountry "USA"]
[SourceTitle "playchess.com"]
[Source "ChessBase"]
[SourceQuality "1"]
[TimeControl "5400+30"]

1. c4 e5 2. Nc3 Nf6 3. Nf3 Nc6 4. e4 Bc5 5. Nxe5 Nxe5 6. d4 Bb4 7. dxe5 Nxe4 8. Qf3 Nxc3 9. bxc3 Ba5 10. Bf4 Qe7 11. Be2 g5 12. Bg3 h5 13. h3 Qe6 14. Rd1 Rb8 15. Qe3 b6 16. O-O g4 17. hxg4 hxg4 18. Rd4 Qh6 19. Qxh6 Rxh6 20. Rxg4 Kf8 21. Bf4 Rg6 22. Rxg6 fxg6 23. Rd1 a6 24. Rd3 b5 25. c5 b4 26. c4 Kf7 27. Bf3 1-0

[Event "Norm Congress-GM 2019"]
[Site "Saint Louis"]
[Date "2019.05.17"]
[Round "2.4"]
[White "Boros, Denes"]
[Black "Shtembuliak, Evgeny"]
[Result "1/2-1/2"]
[ECO "C02"]
[WhiteElo "2439"]
[BlackElo "2516"]
[Annotator "RC"]
[PlyCount "33"]
[EventDate "2019.05.16"]
[EventType "tourn"]
[EventCountry "USA"]
[SourceTitle "playchess.com"]
[Source "ChessBase"]
[SourceQuality "1"]
[TimeControl "5400+30"]

1. e4 e6 2. d4 d5 3. e5 c5 4. c3 Nc6 5. Nf3 Bd7 6. Be2 Nge7 7. O-O Ng6 8. g3 Be7 9. h4 cxd4 10. cxd4 O-O 11. h5 Nh8 12. h6 g6 13. Nc3 f6 14. exf6 Bxf6 15. Bf4 Nf7 16. Qd2 Kh8 17. Kg2 1/2-1/2

[Event "Norm Congress-GM 2019"]
[Site "Saint Louis"]
[Date "2019.05.17"]
[Round "3.2"]
[White "Shtembuliak, Evgeny"]
[Black "Ali Marandi, Cemil Can"]
[Result "1/2-1/2"]
[ECO "A34"]
[WhiteElo "2516"]
[BlackElo "2531"]
[Annotator "ChessBase"]
[PlyCount "21"]
[EventDate "2019.05.16"]
[EventType "tourn"]
[EventCountry "USA"]
[SourceTitle "playchess.com"]
[Source "ChessBase"]
[SourceQuality "1"]
[TimeControl "5400+30"]

1. c4 c5 2. Nf3 Nf6 3. Nc3 d5 4. cxd5 Nxd5 5. e4 Nb4 6. Bc4 Nd3+ 7. Ke2 Nf4+ 8. Kf1 Nd3 9. Ke2 Nf4+ 10. Kf1 Nd3 11. Ke2 1/2-1/2

[Event "Norm Congress-GM 2019"]
[Site "Saint Louis"]
[Date "2019.05.17"]
[Round "3.3"]
[White "Escalante Ramirez, Brian Sebasti"]
[Black "Boros, Denes"]
[Result "1/2-1/2"]
[ECO "B00"]
[WhiteElo "2452"]
[BlackElo "2439"]
[Annotator "ChessBase"]
[PlyCount "105"]
[EventDate "2019.05.16"]
[EventType "tourn"]
[EventCountry "USA"]
[SourceTitle "playchess.com"]
[Source "ChessBase"]
[SourceQuality "1"]
[TimeControl "5400+30"]

1. e4 Nc6 2. Nf3 d6 3. d4 Nf6 4. d5 Nb8 5. Bd3 Bg4 6. c4 Nbd7 7. Nc3 g6 8. Be3 Bg7 9. Qd2 Bxf3 10. gxf3 c6 11. O-O-O Qa5 12. Kb1 Qb4 13. a3 Qb3 14. Qc2 Qxc2+ 15. Kxc2 cxd5 16. cxd5 O-O 17. Rc1 Rfc8 18. Kb1 Nc5 19. Rhd1 Nxd3 20. Rxd3 Nd7 21. Ne2 Rxc1+ 22. Bxc1 Nc5 23. Rd1 a5 24. Be3 Na4 25. b3 Nc5 26. Rc1 b6 27. Ka2 Kf8 28. Nd4 Ke8 29. Nb5 Kd7 30. a4 f5 31. exf5 gxf5 32. Rg1 Bf6 33. Bd4 Rf8 34. Rg3 f4 35. Rh3 Bxd4 36. Nxd4 Rf7 37. Kb2 e6 38. dxe6+ Nxe6 39. Kc3 Nxd4 40. Kxd4 Kc6 41. Rh6 Re7 42. h4 Re2 43. Rxh7 Rb2 44. Rf7 Rxb3 45. Rxf4 b5 46. axb5+ Rxb5 47. Kc3 Kd7 48. Rg4 Rf5 49. f4 Ke7 50. Kb3 Kf6 51. Ka4 Rd5 52. Rg5 Rd4+ 53. Kxa5 1/2-1/2

[Event "Norm Congress-GM 2019"]
[Site "Saint Louis"]
[Date "2019.05.17"]
[Round "3.4"]
[White "Banawa, Joel"]
[Black "Jacobson, Brandon"]
[Result "1/2-1/2"]
[ECO "B23"]
[WhiteElo "2396"]
[BlackElo "2503"]
[Annotator "RC"]
[PlyCount "61"]
[EventDate "2019.05.16"]
[EventType "tourn"]
[EventCountry "USA"]
[SourceTitle "playchess.com"]
[Source "ChessBase"]
[SourceQuality "1"]
[TimeControl "5400+30"]

1. e4 c5 2. Nc3 d6 3. f4 Nc6 4. Nf3 g6 5. Bc4 Bg7 6. O-O e6 7. d4 cxd4 8. Nb5 Nge7 9. Bb3 a6 10. Nbxd4 Nxd4 11. Nxd4 O-O 12. c3 b5 13. a3 Qc7 14. Qe1 Bd7 15. Kh1 Rae8 16. Qh4 Nc6 17. Nf3 Qd8 18. Qg3 Kh8 19. Rd1 Qe7 20. e5 d5 21. Be3 f6 22. exf6 Bxf6 23. Re1 Qg7 24. Rad1 Rf7 25. Bc5 Na5 26. Ba2 Nb7 27. Bd4 Bxd4 28. Rxd4 Nd6 29. Bb1 Rff8 30. Ne5 Nc4 31. Nd3 1/2-1/2

[Event "Norm Congress-GM 2019"]
[Site "Saint Louis"]
[Date "2019.05.18"]
[Round "4.1"]
[White "Korley, Kassa"]
[Black "Hong, Andrew"]
[Result "0-1"]
[ECO "A06"]
[WhiteElo "2468"]
[BlackElo "2414"]
[Annotator "RC"]
[PlyCount "118"]
[EventDate "2019.05.16"]
[EventType "tourn"]
[EventCountry "USA"]
[SourceTitle "playchess.com"]
[Source "ChessBase"]
[SourceQuality "1"]
[TimeControl "5400+30"]

1. Nf3 d5 2. g3 g6 3. Bg2 Bg7 4. d4 Nf6 5. O-O O-O 6. c3 a5 7. a4 Nbd7 8. Na3 Re8 9. c4 c6 10. cxd5 Nxd5 11. e4 Nb4 12. Bf4 Nb6 13. h3 Be6 14. b3 Qd7 15. Kh2 Rad8 16. Rb1 Bxd4 17. Nxd4 Qxd4 18. Qxd4 Rxd4 19. Be3 Red8 20. Bf3 c5 21. Rfc1 Nd7 22. Bxd4 cxd4 23. Bg4 f5 24. exf5 gxf5 25. Bf3 b6 26. Rc7 Kf7 27. Rb7 d3 28. Bh5+ Kf6 29. f4 Bd5 30. Rc7 Nc5 31. Bd1 d2 32. Nc4 Bxc4 33. bxc4 Ne4 34. Rb7 Rd6 35. g4 Nc3 36. g5+ Ke6 37. Ra1 Nd3 38. Bf3 Nxf4 39. Kg3 Nd3 40. Kh4 Ne1 41. Bh5 Rd4+ 42. Kg3 f4+ 43. Kf2 Nd3+ 44. Kf1 Rd6 45. Bg4+ Kf7 46. Bh5+ Kf8 47. Ra3 Ne4 48. Bg4 Ng3+ 49. Kg2 Nc1 50. Bd1 Nf5 51. Kf3 Ne3 52. Rxe3 fxe3 53. Kxe3 Na2 54. c5 bxc5 55. Rb3 c4 56. Ra3 Nb4 57. Ke2 Rd4 58. Rf3+ Kg7 59. Rf5 c3 0-1

[Event "Norm Congress-GM 2019"]
[Site "Saint Louis"]
[Date "2019.05.18"]
[Round "4.2"]
[White "Jacobson, Brandon"]
[Black "Abrahamyan, Tatev"]
[Result "1-0"]
[ECO "C16"]
[WhiteElo "2503"]
[BlackElo "2373"]
[Annotator "RC"]
[PlyCount "133"]
[EventDate "2019.05.16"]
[EventType "tourn"]
[EventCountry "USA"]
[SourceTitle "playchess.com"]
[Source "ChessBase"]
[SourceQuality "1"]
[TimeControl "5400+30"]

1. e4 e6 2. d4 d5 3. Nc3 Bb4 4. e5 b6 5. a3 Bxc3+ 6. bxc3 Qd7 7. Qg4 f5 8. Qg3 Ba6 9. Bxa6 Nxa6 10. Ne2 h6 11. h4 Kf7 12. a4 Ne7 13. h5 c5 14. Rh3 Rac8 15. Qd3 Nb8 16. Rf3 Nbc6 17. Rb1 Ke8 18. g4 fxg4 19. Rf4 Nf5 20. Be3 Nce7 21. a5 Qc6 22. axb6 axb6 23. Qa6 Rb8 24. dxc5 Nxe3 25. fxe3 Qxc5 26. Kd2 Nf5 27. Nd4 Rc8 28. Qd3 Ke7 29. Rb5 Qc7 30. Nxe6 Qxe5 31. Rxb6 Nd6 32. Rxg4 Qxe6 33. Rxg7+ Kf8 34. Rg6 Ne4+ 35. Kc1 Qe7 36. Qa6 Re8 37. Rbe6 Qf7 38. Qa3+ Re7 39. Qa8+ Re8 40. Qa3+ Re7 41. Qa8+ Re8 42. Rxe8+ Qxe8 43. Qxd5 Ng5 44. Qc5+ Qe7 45. Qc8+ Qe8 46. Qc5+ Qe7 47. Qc8+ Qe8 48. Qf5+ Nf7 49. Re6 Qd7 50. Qc5+ Kg7 51. Re7 Qg4 52. Qe5+ Kg8 53. Qb8+ Kg7 54. Qe5+ Kg8 55. Qb8+ Kg7 56. Rxf7+ Kxf7 57. Qxh8 Qxh5 58. c4 Qh1+ 59. Kb2 h5 60. e4 h4 61. Qh5+ Ke7 62. Qe5+ Kf7 63. c5 h3 64. c6 h2 65. c7 Qe1 66. Qd5+ Kg7 67. Qd4+ 1-0

[Event "Norm Congress-GM 2019"]
[Site "Saint Louis"]
[Date "2019.05.19"]
[Round "6.2"]
[White "Boros, Denes"]
[Black "Hong, Andrew"]
[Result "1-0"]
[ECO "B90"]
[WhiteElo "2439"]
[BlackElo "2414"]
[Annotator "RC"]
[PlyCount "97"]
[EventDate "2019.05.16"]
[EventType "tourn"]
[EventCountry "USA"]
[SourceTitle "playchess.com"]
[Source "ChessBase"]
[SourceQuality "1"]
[TimeControl "5400+30"]

1. e4 c5 2. Nf3 d6 3. d4 cxd4 4. Nxd4 Nf6 5. Nc3 a6 6. a4 e5 7. Nf3 Be7 8. Bc4 Be6 9. Qe2 O-O 10. Ba2 Nc6 11. O-O Rc8 12. Rd1 Qc7 13. Bg5 Nb4 14. Bb3 Rfd8 15. Ne1 Bg4 16. f3 Be6 17. Kh1 Ne8 18. Be3 Bxb3 19. cxb3 d5 20. Nxd5 Nxd5 21. Rac1 Nxe3 22. Rxc7 Nxc7 23. Rxd8+ Rxd8 24. Qxe3 Rd1 25. Qc3 a5 26. g3 Na6 27. Kg2 Bb4 28. Qc8+ Bf8 29. Kf2 Nc5 30. Ke2 Rc1 31. f4 g6 32. Nf3 exf4 33. gxf4 Rc2+ 34. Ke3 Rxb2 35. Nd4 Rxh2 36. e5 Rb2 37. e6 fxe6 38. Nxe6 Rxb3+ 39. Ke2 Rb2+ 40. Kd1 Kf7 41. Nxf8 Nd3 42. Nxh7 Nf2+ 43. Ke1 Nd3+ 44. Kf1 Rb1+ 45. Kg2 Nxf4+ 46. Kf2 Rb4 47. Qd7+ Kg8 48. Ng5 Rb2+ 49. Kf3 1-0

[Event "Norm Congress-GM 2019"]
[Site "Saint Louis"]
[Date "2019.05.19"]
[Round "6.4"]
[White "Wang, Justin"]
[Black "Banawa, Joel"]
[Result "1-0"]
[ECO "C96"]
[WhiteElo "2434"]
[BlackElo "2396"]
[Annotator "RC"]
[PlyCount "93"]
[EventDate "2019.05.16"]
[EventType "tourn"]
[EventCountry "USA"]
[SourceTitle "playchess.com"]
[Source "ChessBase"]
[SourceQuality "1"]
[TimeControl "5400+30"]

1. e4 e5 2. Nf3 Nc6 3. Bb5 a6 4. Ba4 Nf6 5. O-O Be7 6. Re1 b5 7. Bb3 d6 8. c3 O-O 9. h3 Na5 10. Bc2 c5 11. d4 Nd7 12. d5 Nb6 13. Nbd2 g6 14. Nf1 f5 15. exf5 gxf5 16. Ng3 e4 17. Nh2 Qe8 18. Nh5 Qf7 19. Bh6 Re8 20. Re3 Bh4 21. Nf4 Nac4 22. Nf1 Nxb2 23. Qe2 N2c4 24. Rg3+ Bxg3 25. Nxg3 Kh8 26. Bg5 Rg8 27. Qh5 Qg7 28. Nxe4 Nd7 29. Bh6 Qe7 30. Ng5 Nde5 31. Nfe6 Qf6 32. f4 Qg6 33. Bd1 Ra7 34. fxe5 Nxe5 35. h4 Qf6 36. Be2 Rg6 37. Bf8 Bxe6 38. Nxe6 Rd7 39. Rf1 Rf7 40. Bxd6 Nd7 41. Bf4 Qxc3 42. Qf3 Qb2 43. h5 Rg8 44. Qe3 Re8 45. h6 Rf6 46. Bg5 Rf7 47. Bh5 1-0

[Event "Norm Congress-GM 2019"]
[Site "Saint Louis"]
[Date "2019.05.19"]
[Round "7.3"]
[White "Abrahamyan, Tatev"]
[Black "Wang, Justin"]
[Result "0-1"]
[ECO "C55"]
[WhiteElo "2373"]
[BlackElo "2434"]
[Annotator "RC"]
[PlyCount "90"]
[EventDate "2019.05.16"]
[EventType "tourn"]
[EventCountry "USA"]
[SourceTitle "playchess.com"]
[Source "ChessBase"]
[SourceQuality "1"]
[TimeControl "5400+30"]

1. e4 e5 2. Nf3 Nc6 3. Bc4 Nf6 4. d3 h6 5. O-O d6 6. a4 g5 7. a5 a6 8. c3 Bg7 9. Nbd2 O-O 10. h3 d5 11. Bb3 Be6 12. Re1 Re8 13. Qc2 Nh5 14. Nf1 Nf4 15. Ng3 dxe4 16. dxe4 Qd3 17. Be3 Rad8 18. Red1 Qxc2 19. Bxc2 Rxd1+ 20. Bxd1 Rd8 21. Nd2 Nd3 22. b4 Nd4 23. Bg4 Nc2 24. Rb1 Ba2 25. Rf1 Nxe3 26. fxe3 Nxb4 27. cxb4 Rxd2 28. Bc8 Bf8 29. Bxb7 Bxb4 30. Nf5 Be6 31. Bxa6 Bxa5 32. Nxh6+ Kg7 33. Ng4 Bb6 34. Nxe5 Bxe3+ 35. Kh1 Bf4 36. Nf3 Ra2 37. Bb7 c5 38. Bd5 c4 39. Nd4 Bxd5 40. exd5 Rd2 41. Nf5+ Kg6 42. Ne7+ Kf6 43. Nc6 c3 44. Nb4 Kg6 45. g3 Bd6 0-1

[Event "Norm Congress-GM 2019"]
[Site "Saint Louis"]
[Date "2019.05.19"]
[Round "7.5"]
[White "Jacobson, Brandon"]
[Black "Boros, Denes"]
[Result "0-1"]
[ECO "C42"]
[WhiteElo "2503"]
[BlackElo "2439"]
[Annotator "ChessBase"]
[PlyCount "64"]
[EventDate "2019.05.16"]
[EventType "tourn"]
[EventCountry "USA"]
[SourceTitle "playchess.com"]
[Source "ChessBase"]
[SourceQuality "1"]
[TimeControl "5400+30"]

1. e4 e5 2. Nf3 Nf6 3. Nc3 Bb4 4. Bd3 O-O 5. O-O Re8 6. Re1 c6 7. a3 Ba5 8. b4 Bc7 9. Bb2 a5 10. h3 h6 11. Bf1 d6 12. d4 Nbd7 13. Bc4 Qe7 14. Bb3 Nf8 15. Qd3 Ng6 16. Ne2 axb4 17. axb4 Rxa1 18. Bxa1 exd4 19. Nexd4 d5 20. e5 Ne4 21. b5 Qc5 22. bxc6 bxc6 23. Ba4 Bd7 24. c4 Nxe5 25. Nxe5 Rxe5 26. cxd5 Qxd5 27. Qa6 Qa2 28. Nc2 Ra5 29. Qd3 Qxa4 30. Qxe4 Qxe4 31. Rxe4 Ra2 32. Rc4 Bf5 0-1